 Dungeon Crawl Stone Soup version 0.31-a0-236-g9a0961fb85 (webtiles) character file.

Game seed: 10727279608836882432

107599 qw the Marksminotaur (level 16, 0/151 HPs)
             Began as a Minotaur Hexslinger on July 9, 2023.
             Was a High Priest of Okawaru.
             Constricted to death by Jorgrun (5 damage)
             ... on level 1 of the Spider Nest on July 10, 2023.
             The game lasted 00:10:39 (20701 turns).

qw the Marksminotaur (Minotaur Hexslinger)         Turns: 20701, Time: 00:10:39

Health: 0/151      AC: 15    Str: 12      XL:     16   Next: 0%
Magic:  22/22      EV: 32    Int: 10 (12) God:    Okawaru [*****.]
Gold:   2243       SH:  0    Dex: 37      Spells: 16/17 levels left

rFire   . . .        n - +4 longbow
rCold   . . .        (shield currently unavailable)
rNeg    + + .        h - +2 ring mail of Qidetif {*Corrode Fly rPois Int+2}
rPois   +            m - +2 hat
rElec   .            u - +0 cloak
rCorr   .            s - +2 pair of gloves
SInv    .            f - +0 pair of boots
Will    +....        j - amulet of Teal Ega {RegenMP rN++ Regen+ Dex+3 Slay+3}
Stlth   ++++         e - +6 ring of dexterity
HPRegen 1.25/turn    a - +6 ring of dexterity
MPRegen 0.58/turn

%: corrode self (3%)
@: about to teleport, heroic, finesse-ful, grasped by roots, spiked, corroded,
flying, constricted
A: horns 2, retaliatory headbutt
a: Renounce Religion, Heroism, Finesse, Duel


You were on level 1 of the Spider Nest.
You worshipped Okawaru.
Okawaru was extremely pleased with you.
You visited 4 branches of the dungeon, and saw 23 of its levels.

You collected 4088 gold pieces.
You spent 1845 gold pieces at shops.


Innate Abilities, Weirdness & Mutations

You have a pair of horns on your head.
You reflexively headbutt those who attack you in melee.


   Skills:
 + Level 15.8(20.8) Fighting
 - Level 20.0(25.0) Ranged Weapons
 - Level 9.0(14.0) Armour
 - Level 15.0(20.0) Dodging
 - Level 1.0 Spellcasting
 - Level 2.0 Hexes
 - Level 10.0 Invocations


You had 16 spell levels left.
You knew the following spells:

 Your Spells              Type           Power      Damage    Failure   Level
a - Slow                  Hex            16%        N/A       26%         1

Your spell library contained the following spells:

 Spells                   Type           Power      Damage    Failure   Level
 Inner Flame              Hex/Fire       2%         N/A       77%         3
 Portal Projectile        Hex/Tloc       4%         N/A       77%         3
 Cause Fear               Hex            2%         N/A       95%         4

Inventory:

Hand Weapons
 n - a +4 longbow (weapon)
Armour
 f - a +0 pair of boots (worn)
 h - the +2 ring mail of Qidetif (worn) {*Corrode Fly rPois Int+2}
   (You found it on level 8 of the Dungeon)

   Int:       It affects your intelligence (+2).
   rPois:     It protects you from poison.
   Fly:       It grants you flight.
   *Corrode:  It may corrode you when you take damage.
 l - a +1 troll leather armour {Snorg}
 m - a +2 hat (worn)
 s - a +2 pair of gloves (worn)
 u - a +0 cloak (worn)
Jewellery
 a - a +6 ring of dexterity (right hand)
 e - a +6 ring of dexterity (left hand)
 j - the amulet of Teal Ega (around neck) {RegenMP rN++ Regen+ Dex+3 Slay+3}
   (You acquired it on level 1 of the Lair of Beasts)

   [amulet of magic regeneration]

   It increases your rate of magic regeneration.
   Dex:       It affects your dexterity (+3).
   Slay:      It affects your accuracy & damage with ranged weapons and melee
   (+3).
   rN:        It greatly protects you from negative energy.
   Regen:     It increases your rate of health regeneration.
Scrolls
 b - 21 scrolls of identify
 o - 6 scrolls of teleportation
Potions
 c - 5 potions of curing
 d - 3 potions of enlightenment
 g - 4 potions of haste
 i - 3 potions of might
 k - 3 potions of heal wounds
 p - a potion of resistance {unknown}

Dungeon Overview and Level Annotations

Branches:
Dungeon (15/15)            Temple (0/1) D:6            Lair (5/5) D:8
  Swamp (0/4) Lair:3       Spider (1/4) Lair:3        Slime (0/5) Lair:5
    Orc (2/2) D:10            Elf (0/3) Orc:2        Vaults (0/5) D:14
 Depths (0/4) D:15

Altars:
Ashenzari
Dithmenos
Elyvilon
Fedhas
Kikubaaqudgha
Makhleb
Nemelex Xobeh
Okawaru
Qazlal
Ru
Sif Muna
Trog
Xom
Yredelemnul
The Shining One
Jiyva

Shops:
D:3 (?![   D:8 ?   D:14 *=:?   Orc:2 !(((

Portals:
Hell: Lair:5

Annotations:
D:5 1 runed translucent door, Crazy Yiuf
D:7 3 runed translucent doors, qw's ghost, novice GrHs
D:9 2 transporters, qw's ghost, journeyman GrHu
Spider:1 Jorgrun


Message History

Jorgrun casts a spell at you.
Roots burst forth from the earth!
The grasping roots grab you! The grasping roots constrict you.
The wolf spider hits you.
The wolf spider bites you but does no damage.
The steelbarb worm hits you.
Barbed spikes become lodged in your body.
The wolf spider hits you!
The wolf spider bites you but does no damage.
Jorgrun gestures at you while chanting. The entropic shot hits you!!!
The grasping roots constrict you. The steelbarb worm hits you!!
Barbed spikes become lodged in your body.
The wolf spider hits you but does no damage.
The wolf spider bites you but does no damage.
Jorgrun hits you but does no damage. The grasping roots constrict you!
The wolf spider hits you but does no damage.
The wolf spider bites you. The steelbarb worm hits you!
Barbed spikes become lodged in your body.
You turn to flesh and can move again.
You shoot an arrow.
The arrow barely misses the wolf spider.
The wolf spider hits you. The wolf spider barely misses you.
You shoot an arrow. The arrow hits the wolf spider.
The wolf spider is almost dead.
The steelbarb worm hits you!
Barbed spikes become lodged in your body.
Jorgrun casts a spell at you. You resist with significant effort.
The grasping roots constrict you!
20701 ||| READING 7 scrolls of teleportation.
As you read the scroll of teleportation, it crumbles to dust.
You feel strangely unstable. The wolf spider completely misses you.
You furiously retaliate!
You headbutt the wolf spider. The wolf spider misses you.
The steelbarb worm hits you!
Barbed spikes become lodged in your body.
The wolf spider hits you. The wolf spider barely misses you.
Jorgrun hits you with a +0 heavy quarterstaff!
Your corrosive artefact corrodes you!
The grasping roots constrict you.
You die...

#..######### ..
##.........#...
#.....^...#..
#..........#
######..........#
###...###.........##
##......##....%.....#
#.......#...........####
.........##.....@w......
.........###....sg..####
#.........#######.......
.........## #?.....
#.......## ......
#.##..##.# ......
..##### #^ ..... ..##
..... ...#


You could see Jorgrun, a steelbarb worm and a wolf spider.

Vanquished Creatures
  An emperor scorpion (Spider:1)
  2 ghost moths (Spider:1)
  Snorg (Lair:5)
  An ettin (D:15)
  Josephine (Spider:1)
  A fire dragon (D:13)
  An entropy weaver (shapeshifter) (D:13)
  2 entropy weavers
  6 hydras
  Fannar (D:12)
  2 catoblepae
  2 ogre magi
  8 centaur warriors
  A death knight (D:13)
  3 two-headed ogres
  A demonic crawler (Lair:3)
  5 boulder beetles
  3 tengu warriors (D:15)
  5 death yaks (Lair:5)
  A sun demon (Lair:5)
  3 skeletal warriors (D:13)
  3 pharaoh ants (Spider:1)
  An orb spider (Spider:1)
  3 orc knights
  A phantasmal warrior (D:13)
  2 wizards
  A necromancer (D:15)
  3 manticores
  13 ugly things
  2 wolf spiders (Spider:1)
  2 deep elf pyromancers (D:13)
  4 orc sorcerers
  9 cyclopes
  A cyclops (shapeshifter) (D:13)
  A moth of wrath (Spider:1)
  13 elephants
  A guardian serpent (shapeshifter) (D:15)
  6 black mambas
  An orange demon (Lair:5)
  A smoke demon (Lair:5)
  An efreet (D:13)
  11 cane toads
  2 gargoyles
  6 yaktaurs
  An unseen horror (D:13)
  5 rime drakes
  Psyche (D:12)
  A freezing wraith (D:13)
  A tengu conjurer (D:15)
  12 komodo dragons
  4 ice devils (Lair:5)
  A red devil (Lair:5)
  4 tarantellas
  6 hornets (D:11)
  A meliai (Lair:3)
  22 blink frogs
  12 trolls
  3 polar bears
  10 dream sheep
  3 slime creatures (D:12)
  3 jumping spiders (Spider:1)
  7 wyverns
  31 yaks
  3 shadows
  A vampire (D:13)
  5 culicivoras (Spider:1)
  5 basilisks
  9 wraiths
  4 unseen horror simulacra (D:9)
  12 vampire mosquitoes
  A warg (D:15)
  4 steam dragons
  7 redbacks (Spider:1)
  A floating eye (D:11)
  18 water moccasins
  3 acid dragons
  4 hell hounds (Lair:5)
  30 orc warriors
  6 black bears
  6 ice beasts
  A sky beast (D:6)
  7 ogres
  8 wolves
  25 centaurs
  4 kobold brigands
  8 bullfrogs
  2 jellies
  A two-headed ogre simulacrum (D:11)
  2 scorpions
  2 water moccasin zombies (D:5)
  16 wights
  19 killer bees
  2 electric eels
  2 howler monkeys (D:8)
  A bullfrog zombie (D:5)
  A gnoll bouda (D:8)
  21 orc priests
  3 hounds
  4 sleepcaps
  3 iguanas
  A scorpion zombie (D:5)
  17 orc wizards
  Ijyb (D:4)
  A hound zombie (D:5)
  A killer bee simulacrum (D:9)
  14 gnolls
  9 adders
  A shadow imp (D:6)
  3 white imps
  4 ufetubi
  An adder zombie (D:5)
  A worm (D:4)
  A dart slug (D:4)
  71 orcs
  4 endoplasms
  5 giant cockroaches
  14 goblins
  7 hobgoblins
  4 jackals (D:4)
  A quokka (D:5)
  7 ball pythons
  8 bats
  2 frilled lizards (D:1)
  26 kobolds
  6 rats
728 creatures vanquished.

Vanquished Creatures (others)
  An ogre (D:14)
  2 wights (D:9)
  2 orc wizards (D:9)
  An orc (D:9)
  A goblin (D:4)
7 creatures vanquished.

Grand Total: 735 creatures vanquished

Notes
Turn   | Place    | Note
-------+----------+-------------------------------------------
     0 | D:1      | qw the Minotaur Hexslinger began the quest for the Orb.
     0 | D:1      | Reached XP level 1. HP: 16/16 MP: 1/1
     0 | D:1      | 0 ||| qw: Version: 0.3-a-51-g015441d
     0 | D:1      | 0 ||| qw: Game counter: 4457
     0 | D:1      | 0 ||| qw: Melee chars always use a shield: true
     0 | D:1      | 0 ||| qw: God list: Okawaru
     0 | D:1      | 0 ||| qw: Allow faded altars: false
     0 | D:1      | 0 ||| qw: Do Orc after clearing Dungeon:15 true
     0 | D:1      | 0 ||| qw: Do second Lair branch before Depths: true
     0 | D:1      | 0 ||| qw: Lair rune preference: random
     0 | D:1      | 0 ||| qw: Goals: Normal
     0 | D:1      | 0 ||| PLANNING D:1-11
   181 | D:1      | Reached skill level 3 in Ranged Weapons
   181 | D:1      | Reached XP level 2. HP: 23/23 MP: 2/2
   663 | D:1      | 663 ||| UPGRADING to +0 leather armour.
   673 | D:1      | 673 ||| DROPPING +0 robe.
   674 | D:1      | 674 ||| DROPPING +6 ring of intelligence.
   675 | D:1      | 675 ||| READING scroll labelled TENTIO ZOUCA.
   676 | D:1      | 676 ||| READING scroll labelled ICWUES LYWEEL.
   677 | D:1      | 677 ||| DRINKING 2 smoky puce potions.
   678 | D:1      | 678 ||| DROPPING scroll of poison.
   679 | D:1      | 679 ||| DROPPING potion of brilliance.
   863 | D:2      | Found a shimmering blue altar of Sif Muna.
  1019 | D:2      | Reached XP level 3. HP: 29/29 MP: 3/3
  1025 | D:2      | Reached skill level 4 in Ranged Weapons
  1028 | D:2      | Found the +1 Delatra's gloves {ID++}
  1370 | D:2      | 1370 ||| UPGRADING to +0 ring mail.
  1380 | D:2      | 1380 ||| DROPPING +0 leather armour.
  1381 | D:2      | 1381 ||| UPGRADING to +1 Delatra's gloves {ID++}.
  1386 | D:2      | 1386 ||| UPGRADING to ring of protection from fire.
  1387 | D:2      | 1387 ||| READING scroll labelled EZXIFY MUNAN.
  1388 | D:2      | 1388 ||| READING scroll labelled LAUS KUNETUFA.
  1392 | D:2      | 1392 ||| READING scroll labelled LUCZUN ORIAN.
  1446 | D:2      | 1446 ||| DRINKING 2 fizzy white potions.
  1447 | D:2      | 1447 ||| DRINKING 2 fuming ruby potions.
  1448 | D:2      | 1448 ||| DRINKING 2 white potions.
  1449 | D:2      | 1449 ||| DROPPING potion of invisibility.
  1461 | D:3      | 1461 ||| STAIRDANCE
  1467 | D:2      | Reached XP level 4. HP: 32/36 MP: 4/4
  1508 | D:3      | Found Inka's Weapon Boutique.
  1544 | D:3      | Found Uria's Magic Scroll Shoppe.
  1553 | D:3      | 1553 ||| BUYING scroll of identify (22 gold).
  1553 | D:3      | Bought a scroll of identify for 22 gold pieces
  1553 | D:3      | 1553 ||| BUYING scroll of identify (22 gold).
  1553 | D:3      | Bought a scroll of identify for 22 gold pieces
  1553 | D:3      | 1553 ||| SHOPLISTING scroll of teleportation (33 gold, have
                  | 30).
  1555 | D:3      | Found Maef's Armour Emporium.
  1558 | D:3      | Found Jumaurume's Distillery.
  1570 | D:3      | 1570 ||| SHOPLISTING +1 leather armour of cold resistance
                  | (168 gold, have 39).
  1570 | D:3      | 1570 ||| SHOPLISTING +1 pair of boots of stealth (198 gold,
                  | have 39).
  1575 | D:3      | 1575 ||| SHOPLISTING 2 potions of curing (60 gold, have
                  | 39).
  1575 | D:3      | 1575 ||| BUYING potion of curing (30 gold).
  1575 | D:3      | Bought a potion of curing for 30 gold pieces
  1575 | D:3      | 1575 ||| SHOPLISTING potion of enlightenment (50 gold, have
                  | 9).
  1575 | D:3      | 1575 ||| SHOPLISTING potion of experience (500 gold, have
                  | 9).
  1575 | D:3      | 1575 ||| SHOPLISTING potion of haste (100 gold, have 9).
  1575 | D:3      | 1575 ||| SHOPLISTING potion of mutation (80 gold, have 9).
  1842 | D:3      | Found a blossoming altar of Fedhas.
  1888 | D:3      | 1888 ||| READING scroll labelled HUSOCU YTYREL.
  1889 | D:3      | 1889 ||| READING scroll labelled KEFEXKU AGILY.
  1890 | D:3      | 1890 ||| READING 6 scrolls of identify.
  1890 | D:3      | 1890 ||| IDENTIFYING bubbling cyan potion
  1891 | D:3      | 1891 ||| READING 5 scrolls of identify.
  1891 | D:3      | 1891 ||| IDENTIFYING fuming clear potion
  1892 | D:3      | 1892 ||| READING 4 scrolls of identify.
  1892 | D:3      | 1892 ||| IDENTIFYING grey potion
  1893 | D:3      | 1893 ||| DROPPING potion of magic.
  1894 | D:3      | 1894 ||| DROPPING potion of ambrosia.
  1895 | D:3      | 1895 ||| DROPPING potion of degeneration.
  1922 | D:4      | Reached skill level 5 in Ranged Weapons
  1922 | D:4      | Reached XP level 5. HP: 20/41 MP: 5/5
  1923 | D:4      | HP: 7/41 [gnoll/+0 flail (8)]
  1924 | D:4      | 1924 ||| READING 2 scrolls of teleportation.
  1924 | D:4      | HP: 3/41 [gnoll/+0 flail (1)]
  1925 | D:4      | 1925 ||| DRINKING potion of heal wounds.
  2064 | D:4      | Reached skill level 3 in Fighting
  2127 | D:4      | 2127 ||| FLEEEEING.
  2128 | D:4      | 2128 ||| FLEEEEING.
  2296 | D:4      | Reached skill level 6 in Ranged Weapons
  2296 | D:4      | Reached XP level 6. HP: 28/51 MP: 6/6
  2820 | D:4      | Found a white marble altar of Elyvilon.
  2945 | D:4      | Noticed Ijyb
  2965 | D:4      | HP: 7/52 [Ijyb/bolt of acid (20)]
  2966 | D:4      | 2966 ||| READING 2 scrolls of teleportation.
  2967 | D:4      | HP: 2/52 [Ijyb/+0 club (2)]
  3260 | D:4      | HP: 9/52 [Ijyb/bolt of acid (21)]
  3261 | D:4      | 3261 ||| READING scroll of teleportation.
  3415 | D:4      | Killed Ijyb
  3517 | D:4      | 3517 ||| UPGRADING to +0 pair of boots.
  3522 | D:4      | 3522 ||| UPGRADING to +6 ring of dexterity.
  3523 | D:4      | 3523 ||| READING scroll labelled BACOAM YCIPENE.
  3524 | D:4      | 3524 ||| READING 2 scrolls labelled UPITOI ITTI.
  3525 | D:4      | 3525 ||| READING 6 scrolls of identify.
  3525 | D:4      | 3525 ||| IDENTIFYING golden potion
  3526 | D:4      | 3526 ||| DROPPING scroll of immolation.
  3569 | D:5      | Entered Level 5 of the Dungeon
  3574 | D:5      | 3574 ||| STAIRDANCE
  3719 | D:5      | Reached skill level 7 in Ranged Weapons
  3776 | D:5      | Reached XP level 7. HP: 57/59 MP: 7/7
  3812 | D:5      | Reached skill level 3 in Dodging
  3879 | D:5      | Found a basalt altar of Yredelemnul.
  4079 | D:5      | Reached skill level 8 in Ranged Weapons
  4433 | D:5      | Reached XP level 8. HP: 68/68 MP: 8/8
  4596 | D:5      | Reached skill level 9 in Ranged Weapons
  4625 | D:5      | Found a shimmering altar of Xom.
  4669 | D:5      | Found a runed translucent door.
  4670 | D:5      | Noticed Crazy Yiuf
  4772 | D:5      | Reached skill level 6 in Fighting
  5061 | D:5      | 5061 ||| READING scroll labelled RYPIUDWAGH.
  5062 | D:5      | 5062 ||| READING scroll labelled XYAQOCKUCS.
  5063 | D:5      | 5063 ||| READING 7 scrolls of identify.
  5063 | D:5      | 5063 ||| IDENTIFYING fizzy dark potion
  5064 | D:5      | 5064 ||| READING 6 scrolls of identify.
  5064 | D:5      | 5064 ||| IDENTIFYING emerald potion
  5065 | D:5      | 5065 ||| DROPPING potion of attraction.
  5281 | D:6      | 5281 ||| Stepping ~*~*~tactically~*~*~ (outnumbered).
  5363 | D:6      | Noticed a troll
  5372 | D:6      | Killed a troll
  5373 | D:6      | Reached skill level 10 in Ranged Weapons
  5520 | D:6      | Reached skill level 3 in Armour
  5554 | D:6      | 5554 ||| FLEEEEING.
  5555 | D:6      | 5555 ||| FLEEEEING.
  5556 | D:6      | 5556 ||| FLEEEEING.
  5583 | D:6      | Found an iron altar of Okawaru.
  5584 | D:6      | 5584 ||| PLANNING OKAWARU WORSHIP
  5589 | D:6      | Reached XP level 9. HP: 79/79 MP: 9/9
  5607 | D:6      | 5607 ||| FLEEEEING.
  5752 | D:6      | 5752 ||| UPGRADING to +0 troll leather armour.
  5762 | D:6      | 5762 ||| DROPPING +0 ring mail.
  5763 | D:6      | 5763 ||| READING scroll labelled HOAQUJ VASEWU.
  5764 | D:6      | 5764 ||| READING 5 scrolls of identify.
  5764 | D:6      | 5764 ||| IDENTIFYING fizzy green potion
  5765 | D:6      | 5765 ||| DROPPING potion of berserk rage.
  5807 | D:6      | Became a worshipper of Warmaster Okawaru
  5808 | D:6      | 5808 ||| PLANNING D:1-11
  5827 | D:6      | Found an ancient bone altar of Kikubaaqudgha.
  6086 | D:6      | Found a staircase to the Ecumenical Temple.
  6185 | D:6      | 6185 ||| DRINKING potion of curing.
  6185 | D:6      | 6185 ||| (to cure confusion)
  6473 | D:7      | Found a glowing golden altar of the Shining One.
  6485 | D:7      | Reached skill level 11 in Ranged Weapons
  6537 | D:7      | Identified the +1 falchion of the Shining Light {pain, rF+
                  | rN+ SInv}
  6543 | D:7      | Reached * piety under Okawaru
  6544 | D:7      | Reached skill level 6 in Dodging
  6597 | D:7      | 6597 ||| SWAPPING to +3 orcbow of freezing.
  6598 | D:7      | 6598 ||| DROPPING +2 sling of freezing.
  6770 | D:7      | 6770 ||| INVOKING Heroism.
  6771 | D:7      | 6771 ||| INVOKING Heroism.
  6808 | D:7      | 6808 ||| INVOKING Heroism.
  6890 | D:7      | Found a runed translucent gate.
  6890 | D:7      | Noticed qw's ghost (novice GrHs)
  6891 | D:7      | Found a runed translucent gate.
  6919 | D:7      | Identified the +6 long sword "Pemol" {antimagic, rPois
                  | Str+2}
  6921 | D:7      | Found a runed translucent gate.
  7249 | D:7      | 7249 ||| UPGRADING to amulet of regeneration.
  7293 | D:8      | Reached skill level 12 in Ranged Weapons
  7293 | D:8      | 7293 ||| INVOKING Heroism.
  7326 | D:8      | 7326 ||| Stepping ~*~*~tactically~*~*~ (outnumbered).
  7329 | D:8      | 7329 ||| DRINKING potion of cancellation.
  7349 | D:8      | Reached skill level 1 in Invocations
  7360 | D:8      | Reached XP level 10. HP: 88/88 MP: 10/10
  7361 | D:8      | Found a staircase to the Lair.
  7387 | D:8      | Reached ** piety under Okawaru
  7414 | D:8      | Found a shadowy altar of Dithmenos.
  7432 | D:8      | Reached skill level 3 in Invocations
  7469 | D:8      | 7469 ||| Stepping ~*~*~tactically~*~*~ (outnumbered).
  7471 | D:8      | 7471 ||| INVOKING Heroism.
  7491 | D:8      | 7491 ||| Stepping ~*~*~tactically~*~*~ (outnumbered).
  7495 | D:8      | Found a sacrificial altar of Ru.
  7506 | D:8      | Found a burning altar of Makhleb.
  7515 | D:8      | Found Jijupor's Magic Scroll Shop.
  7518 | D:8      | 7518 ||| BUYING scroll of identify (30 gold).
  7518 | D:8      | Bought a scroll of identify for 30 gold pieces
  7518 | D:8      | 7518 ||| BUYING scroll of identify (30 gold).
  7518 | D:8      | Bought a scroll of identify for 30 gold pieces
  7518 | D:8      | 7518 ||| BUYING scroll of teleportation (45 gold).
  7518 | D:8      | Bought a scroll of teleportation for 45 gold pieces
  7518 | D:8      | 7518 ||| BUYING scroll of teleportation (45 gold).
  7518 | D:8      | Bought a scroll of teleportation for 45 gold pieces
  7518 | D:8      | 7518 ||| BUYING scroll of teleportation (45 gold).
  7518 | D:8      | Bought a scroll of teleportation for 45 gold pieces
  7528 | D:8      | 7528 ||| INVOKING Heroism.
  7557 | D:8      | Identified the +2 ring mail of Qidetif {*Corrode Fly rPois
                  | Int+2}
  7597 | D:8      | 7597 ||| INVOKING Heroism.
  7685 | D:8      | 7685 ||| READING scroll of enchant weapon.
  7685 | D:8      | 7685 ||| ENCHANTING +3 orcbow of freezing.
  7949 | D:8      | 7949 ||| PLANNING LAIR
  7949 | D:8      | 7949 ||| UPGRADING to +2 ring mail of Qidetif {*Corrode Fly
                  | rPois Int+2}.
  7959 | D:8      | 7959 ||| UPGRADING to +2 hat.
  7990 | Lair:1   | Entered Level 1 of the Lair of Beasts
  8002 | Lair:1   | Noticed an elephant
  8003 | Lair:1   | Noticed an elephant
  8005 | Lair:1   | Noticed an elephant
  8006 | Lair:1   | Noticed an elephant
  8007 | Lair:1   | Noticed an elephant
  8012 | Lair:1   | Killed an elephant
  8014 | Lair:1   | Noticed an elephant
  8017 | Lair:1   | Killed an elephant
  8021 | Lair:1   | 8021 ||| INVOKING Heroism.
  8026 | Lair:1   | Killed an elephant
  8034 | Lair:1   | Killed an elephant
  8039 | Lair:1   | Killed an elephant
  8040 | Lair:1   | Reached skill level 13 in Ranged Weapons
  8043 | Lair:1   | Killed an elephant
  8060 | Lair:1   | 8060 ||| INVOKING Heroism.
  8194 | Lair:1   | Reached skill level 9 in Fighting
  8315 | Lair:1   | 8315 ||| INVOKING Heroism.
  8344 | Lair:1   | 8344 ||| INVOKING Heroism.
  8356 | Lair:1   | Reached XP level 11. HP: 97/97 MP: 11/13
  8358 | Lair:1   | Reached *** piety under Okawaru
  8444 | Lair:1   | Identified the +7 scimitar of Muyl {heavy, rPois rC- Str+2}
  8458 | Lair:1   | Reached skill level 14 in Ranged Weapons
  8552 | Lair:1   | 8552 ||| INVOKING Heroism.
  8728 | Lair:1   | 8728 ||| INVOKING Heroism.
  8922 | Lair:1   | 8922 ||| UPGRADING to +4 ring of protection.
  8924 | Lair:1   | 8924 ||| READING scroll labelled RUONAI JIZOR.
  8924 | Lair:1   | Identified a scroll of acquirement
  8924 | Lair:1   | 8924 ||| ACQUIRING amulet of Teal Ega {RegenMP rN++ Regen+
                  | Dex+3 Slay+3}
  8924 | Lair:1   | Acquired the amulet of Teal Ega {RegenMP rN++ Regen+ Dex+3
                  | Slay+3}
  8926 | Lair:1   | 8926 ||| UPGRADING to amulet of Teal Ega {RegenMP rN++
                  | Regen+ Dex+3 Slay+3}.
  8936 | Lair:1   | 8936 ||| DROPPING amulet of regeneration.
  8979 | Lair:2   | 8979 ||| INVOKING Heroism.
  9012 | Lair:2   | 9012 ||| INVOKING Heroism.
  9069 | Lair:2   | 9069 ||| INVOKING Heroism.
  9283 | Lair:2   | 9283 ||| INVOKING Heroism.
  9316 | Lair:2   | 9316 ||| READING scroll of enchant weapon.
  9316 | Lair:2   | 9316 ||| ENCHANTING +4 orcbow of freezing.
  9358 | Lair:2   | 9358 ||| INVOKING Heroism.
  9601 | Lair:2   | 9601 ||| DROPPING +0 robe of willpower.
  9646 | Lair:3   | Reached skill level 15 in Ranged Weapons
  9650 | Lair:3   | 9650 ||| STAIRDANCE
  9689 | Lair:3   | Found a dark tunnel.
  9723 | Lair:3   | Found a staircase to the Swamp.
  9784 | Lair:3   | 9784 ||| INVOKING Heroism.
  9805 | Lair:3   | Reached **** piety under Okawaru
  9974 | Lair:3   | 9974 ||| FLEEEEING.
  9975 | Lair:3   | 9975 ||| FLEEEEING.
  9976 | Lair:3   | 9976 ||| FLEEEEING.
  9977 | Lair:3   | 9977 ||| FLEEEEING.
  9981 | Lair:3   | 9981 ||| FLEEEEING.
  9982 | Lair:3   | 9982 ||| FLEEEEING.
  9983 | Lair:3   | 9983 ||| INVOKING Heroism.
 10005 | Lair:3   | Reached XP level 12. HP: 79/106 MP: 15/15
 10111 | Lair:3   | Found a hole to the Spider Nest.
 10578 | Lair:4   | 10578 ||| INVOKING Heroism.
 10605 | Lair:4   | Noticed a catoblepas
 10606 | Lair:4   | Reached skill level 6 in Invocations
 10611 | Lair:4   | 10611 ||| Stepping ~*~*~tactically~*~*~ (cloud).
 10616 | Lair:4   | Killed a catoblepas
 10647 | Lair:4   | 10647 ||| INVOKING Heroism.
 10660 | Lair:4   | Reached skill level 9 in Dodging
 10688 | Lair:4   | 10688 ||| INVOKING Heroism.
 10698 | Lair:4   | Reached skill level 16 in Ranged Weapons
 10724 | Lair:4   | 10724 ||| INVOKING Heroism.
 10730 | Lair:4   | You are sucked into a shaft and drop 1 floor!
 10730 | Lair:5   | Entered Level 5 of the Lair of Beasts
 10730 | Lair:5   | Noticed a death yak
 10733 | Lair:5   | Noticed a death yak
 10734 | Lair:5   | Noticed Snorg
 10735 | Lair:5   | Noticed a death yak
 10737 | Lair:5   | Noticed a death yak
 10740 | Lair:5   | Reached ***** piety under Okawaru
 10741 | Lair:5   | 10741 ||| INVOKING Finesse.
 10752 | Lair:5   | Killed a death yak
 10756 | Lair:5   | HP: 21/110 [death yak (8)]
 10756 | Lair:5   | HP: 10/110 [yak (7)]
 10757 | Lair:5   | 10757 ||| READING 5 scrolls of teleportation.
 10758 | Lair:5   | 10758 ||| DRINKING potion of heal wounds.
 10759 | Lair:5   | Killed a death yak
 10761 | Lair:5   | HP: 26/110 [yak (6)]
 10836 | Lair:5   | 10836 ||| Stepping randomly (stuck).
 10837 | Lair:5   | 10837 ||| Stepping randomly (stuck).
 10838 | Lair:5   | 10838 ||| Stepping randomly (stuck).
 10839 | Lair:5   | 10839 ||| Stepping randomly (stuck).
 10840 | Lair:5   | 10840 ||| Stepping randomly (stuck).
 10841 | Lair:5   | 10841 ||| Stepping randomly (stuck).
 10842 | Lair:5   | 10842 ||| Stepping randomly (stuck).
 10843 | Lair:5   | 10843 ||| Stepping randomly (stuck).
 10844 | Lair:5   | 10844 ||| Stepping randomly (stuck).
 10845 | Lair:5   | 10845 ||| Stepping randomly (stuck).
 10846 | Lair:5   | 10846 ||| Stepping randomly (stuck).
 10847 | Lair:5   | 10847 ||| Stepping randomly (stuck).
 10848 | Lair:5   | 10848 ||| Stepping randomly (stuck).
 10849 | Lair:5   | 10849 ||| Stepping randomly (stuck).
 10886 | Lair:4   | Reached skill level 6 in Armour
 10956 | Lair:4   | Reached skill level 9 in Invocations
 11246 | Lair:4   | 11246 ||| Stepping ~*~*~tactically~*~*~ (outnumbered).
 11249 | Lair:4   | 11249 ||| Stepping ~*~*~tactically~*~*~ (outnumbered).
 11250 | Lair:4   | 11250 ||| INVOKING Heroism.
 11482 | Lair:4   | 11482 ||| INVOKING Heroism.
 11559 | Lair:4   | 11559 ||| DROPPING amulet of reflection.
 11560 | Lair:4   | 11560 ||| UPGRADING to +5 ring of evasion.
 11562 | Lair:4   | 11562 ||| DROPPING +4 ring of protection.
 11616 | Lair:5   | Noticed a seven-headed hydra
 11617 | Lair:5   | 11617 ||| INVOKING Heroism.
 11622 | Lair:5   | Killed a seven-headed hydra
 11622 | Lair:5   | Received a gift from Okawaru
 11623 | Lair:5   | Reached XP level 13. HP: 116/116 MP: 19/19
 11627 | Lair:5   | 11627 ||| SWAPPING to +4 heavy arbalest.
 11628 | Lair:5   | 11628 ||| DROPPING +5 orcbow of freezing.
 11660 | Lair:5   | 11660 ||| INVOKING Heroism.
 11668 | Lair:5   | 11668 ||| INVOKING Finesse.
 11773 | Lair:5   | 11773 ||| INVOKING Heroism.
 11774 | Lair:5   | 11774 ||| INVOKING Finesse.
 11776 | Lair:5   | Killed Snorg
 11812 | Lair:5   | 11812 ||| INVOKING Heroism.
 11813 | Lair:5   | 11813 ||| INVOKING Finesse.
 11836 | Lair:5   | Found a viscous altar of Jiyva.
 11837 | Lair:5   | Found a staircase to the Slime Pits.
 11862 | Lair:5   | Reached skill level 17 in Ranged Weapons
 12023 | Lair:5   | 12023 ||| INVOKING Heroism.
 12080 | Lair:5   | Found a burning altar of Makhleb.
 12081 | Lair:5   | 12081 ||| Stepping ~*~*~tactically~*~*~ (outnumbered).
 12083 | Lair:5   | 12083 ||| Stepping ~*~*~tactically~*~*~ (outnumbered).
 12085 | Lair:5   | 12085 ||| INVOKING Heroism.
 12086 | Lair:5   | 12086 ||| INVOKING Finesse.
 12100 | Lair:5   | 12100 ||| Stepping ~*~*~tactically~*~*~ (outnumbered).
 12132 | Lair:5   | Found a gateway to Hell.
 12348 | Lair:5   | 12348 ||| INVOKING Heroism.
 12352 | Lair:5   | Reached skill level 18 in Ranged Weapons
 12522 | Lair:5   | 12522 ||| PLANNING D:1-11
 12522 | Lair:5   | 12522 ||| DROPPING +0 troll leather armour.
 12681 | D:9      | Found a flagged portal.
 12683 | D:9      | 12683 ||| Stepping ~*~*~tactically~*~*~ (outnumbered).
 12709 | D:9      | Identified the +4 leather armour of Haasad {Will- Str+4}
 12769 | D:9      | 12769 ||| FLEEEEING.
 12771 | D:9      | Reached skill level 12 in Fighting
 12774 | D:9      | 12774 ||| INVOKING Heroism.
 12799 | D:9      | 12799 ||| INVOKING Heroism.
 12883 | D:9      | Found a bloodstained altar of Trog.
 12967 | D:9      | Found a transporter.
 12968 | D:9      | Noticed qw's ghost (journeyman GrHu)
 12972 | D:9      | Found a transporter.
 13459 | D:9      | 13459 ||| DROPPING +4 leather armour of Haasad {Will-
                  | Str+4}.
 13460 | D:9      | 13460 ||| UPGRADING to +0 cloak.
 13465 | D:9      | 13465 ||| DROPPING amulet of guardian spirit.
 13466 | D:9      | 13466 ||| DROPPING ring of fire.
 13467 | D:9      | 13467 ||| READING 2 scrolls labelled USEGGY JOBAYVOI.
 13468 | D:9      | 13468 ||| READING 2 scrolls labelled EDOUSICAEV.
 13469 | D:9      | 13469 ||| DROPPING scroll of fear.
 13470 | D:9      | 13470 ||| DROPPING scroll of amnesia.
 13495 | D:10     | Entered Level 10 of the Dungeon
 13516 | D:10     | Found a stormy altar of Qazlal.
 13678 | D:10     | 13678 ||| INVOKING Heroism.
 13680 | D:10     | Received a gift from Okawaru
 13709 | D:10     | 13709 ||| Stepping ~*~*~tactically~*~*~ (outnumbered).
 13711 | D:10     | 13711 ||| Stepping ~*~*~tactically~*~*~ (outnumbered).
 13773 | D:10     | Found a sparkling altar of Nemelex Xobeh.
 13898 | D:10     | Found a broken altar of Ashenzari.
 13947 | D:10     | Reached XP level 14. HP: 127/129 MP: 20/20
 14039 | D:10     | Found a staircase to the Orcish Mines.
 14094 | D:10     | 14094 ||| READING scroll labelled SOSOIS QE HIA.
 14115 | D:11     | Found a frozen archway.
 14160 | D:11     | 14160 ||| INVOKING Heroism.
 14212 | D:11     | 14212 ||| SWAPPING to +0 longbow.
 14215 | D:11     | 14215 ||| DROPPING +4 heavy arbalest.
 14278 | D:11     | 14278 ||| Stepping ~*~*~tactically~*~*~ (outnumbered).
 14279 | D:11     | 14279 ||| INVOKING Heroism.
 14280 | D:11     | 14280 ||| INVOKING Finesse.
 14843 | D:11     | 14843 ||| PLANNING D
 14877 | D:12     | Noticed Fannar
 14883 | D:12     | Killed Fannar
 14962 | D:12     | Noticed Psyche
 14969 | D:12     | 14969 ||| DRINKING 4 potions of curing.
 14969 | D:12     | 14969 ||| (to cure confusion)
 14973 | D:12     | 14973 ||| READING 7 scrolls of teleportation.
 14974 | D:12     | Killed Psyche
 15209 | D:12     | Identified the +0 pair of gloves of Sin {Int+4} (Okawaru
                  | gifted it to you on level 12 of the Dungeon)
 15209 | D:12     | Received a gift from Okawaru
 15283 | D:12     | Found a sacrificial altar of Ru.
 15412 | D:12     | 15412 ||| DROPPING +0 pair of gloves of Sin {Int+4}.
 15413 | D:12     | 15413 ||| READING 19 scrolls of identify.
 15413 | D:12     | 15413 ||| IDENTIFYING sedimented sapphire potion
 15414 | D:12     | 15414 ||| DROPPING potion of lignification.
 15485 | D:13     | Reached skill level 19 in Ranged Weapons
 15575 | D:13     | 15575 ||| Stepping ~*~*~tactically~*~*~ (outnumbered).
 15577 | D:13     | 15577 ||| Stepping ~*~*~tactically~*~*~ (outnumbered).
 15618 | D:13     | 15618 ||| READING scroll of enchant weapon.
 15618 | D:13     | 15618 ||| ENCHANTING +0 longbow.
 15621 | D:13     | 15621 ||| INVOKING Heroism.
 15643 | D:13     | 15643 ||| INVOKING Finesse.
 15696 | D:13     | 15696 ||| Stepping ~*~*~tactically~*~*~ (cloud).
 15708 | D:13     | 15708 ||| INVOKING Heroism.
 15709 | D:13     | 15709 ||| Stepping ~*~*~tactically~*~*~ (cloud).
 15713 | D:13     | 15713 ||| Stepping ~*~*~tactically~*~*~ (cloud).
 15716 | D:13     | 15716 ||| Stepping ~*~*~tactically~*~*~ (cloud).
 15727 | D:13     | 15727 ||| Stepping randomly (disturbance).
 15728 | D:13     | 15728 ||| Stepping randomly (disturbance).
 16144 | D:13     | 16144 ||| INVOKING Heroism.
 16182 | D:13     | 16182 ||| DROPPING amulet of magic regeneration.
 16185 | D:13     | 16185 ||| INVOKING Heroism.
 16312 | D:13     | 16312 ||| INVOKING Heroism.
 16419 | D:13     | Reached skill level 20 in Ranged Weapons
 16444 | D:13     | 16444 ||| INVOKING Heroism.
 16500 | D:13     | 16500 ||| INVOKING Heroism.
 16559 | D:13     | 16559 ||| INVOKING Heroism.
 16641 | D:13     | 16641 ||| INVOKING Heroism.
 16753 | D:14     | 16753 ||| INVOKING Heroism.
 16775 | D:14     | 16775 ||| INVOKING Heroism.
 16814 | D:14     | Reached XP level 15. HP: 138/138 MP: 21/21
 16815 | D:14     | Found Gyqud's Book Boutique.
 16916 | D:14     | 16916 ||| Stepping ~*~*~tactically~*~*~ (outnumbered).
 16918 | D:14     | 16918 ||| Stepping ~*~*~tactically~*~*~ (outnumbered).
 16923 | D:14     | 16923 ||| Stepping ~*~*~tactically~*~*~ (outnumbered).
 16928 | D:14     | 16928 ||| Stepping ~*~*~tactically~*~*~ (outnumbered).
 16968 | D:14     | Found a blossoming altar of Fedhas.
 17056 | D:14     | 17056 ||| Stepping ~*~*~tactically~*~*~ (outnumbered).
 17059 | D:14     | 17059 ||| Stepping ~*~*~tactically~*~*~ (outnumbered).
 17065 | D:14     | 17065 ||| Stepping ~*~*~tactically~*~*~ (outnumbered).
 17067 | D:14     | Reached skill level 12 in Dodging
 17069 | D:14     | 17069 ||| INVOKING Heroism.
 17099 | D:14     | Reached skill level 9 in Armour
 17105 | D:14     | 17105 ||| INVOKING Heroism.
 17189 | D:14     | You are sucked into a shaft and drop 1 floor!
 17189 | D:15     | Entered Level 15 of the Dungeon
 17300 | D:15     | 17300 ||| UPGRADING to +2 pair of gloves.
 17310 | D:15     | 17310 ||| DROPPING +1 Delatra's gloves {ID++}.
 17311 | D:15     | 17311 ||| DROPPING ring of see invisible.
 17368 | D:14     | Found Cetsaf's Magic Scroll Shoppe.
 17371 | D:14     | 17371 ||| BUYING scroll of enchant weapon (105 gold).
 17371 | D:14     | Bought a scroll of enchant weapon for 105 gold pieces
 17371 | D:14     | 17371 ||| BUYING scroll of enchant weapon (105 gold).
 17371 | D:14     | Bought a scroll of enchant weapon for 105 gold pieces
 17371 | D:14     | 17371 ||| BUYING scroll of teleportation (42 gold).
 17371 | D:14     | Bought a scroll of teleportation for 42 gold pieces
 17371 | D:14     | 17371 ||| READING 2 scrolls of enchant weapon.
 17371 | D:14     | 17371 ||| ENCHANTING +1 longbow.
 17372 | D:14     | 17372 ||| READING scroll of enchant weapon.
 17372 | D:14     | 17372 ||| ENCHANTING +2 longbow.
 17398 | D:14     | Found Ydoh Borgh's Jewellery Shop.
 17406 | D:14     | 17406 ||| BUYING +6 ring of dexterity (540 gold).
 17406 | D:14     | Bought a +6 ring of dexterity for 540 gold pieces
 17406 | D:14     | 17406 ||| SHOPLISTING ring "Deovaph" {Fire Dex+6} (669
                  | gold, have 575).
 17424 | D:14     | Received a gift from Okawaru
 17436 | D:14     | Found Xeronnai's General Store.
 17439 | D:14     | 17439 ||| BUYING potion of might (64 gold).
 17439 | D:14     | Bought a potion of might for 64 gold pieces
 17439 | D:14     | 17439 ||| BUYING scroll of teleportation (48 gold).
 17439 | D:14     | Bought a scroll of teleportation for 48 gold pieces
 17513 | D:14     | Found a gate to the Vaults.
 17532 | D:14     | 17532 ||| READING scroll of acquirement.
 17532 | D:14     | 17532 ||| ACQUIRING 1078 gold pieces
 17532 | D:14     | Acquired 1078 gold pieces
 17534 | D:14     | 17534 ||| UPGRADING to +6 ring of dexterity.
 17536 | D:14     | 17536 ||| DROPPING ring of protection from fire.
 17537 | D:14     | 17537 ||| DROPPING +5 ring of evasion.
 17611 | D:15     | 17611 ||| INVOKING Heroism.
 17625 | D:15     | 17625 ||| Stepping ~*~*~tactically~*~*~ (outnumbered).
 17643 | D:15     | HP: 30/139 [acid (7)]
 17643 | D:15     | HP: 7/139 [tengu warrior/+4 great mace (23)]
 17644 | D:15     | 17644 ||| READING 8 scrolls of teleportation.
 17645 | D:15     | 17645 ||| DRINKING 2 potions of heal wounds.
 17646 | D:15     | 17646 ||| DRINKING potion of heal wounds.
 17648 | D:15     | HP: 31/139 [brown ugly thing (6)]
 17772 | D:15     | 17772 ||| INVOKING Heroism.
 17806 | D:15     | 17806 ||| Stepping ~*~*~tactically~*~*~ (outnumbered).
 17814 | D:15     | Found a staircase to the Depths.
 17843 | D:15     | 17843 ||| INVOKING Heroism.
 17849 | D:15     | Paralysed by an orc sorcerer for 4 turns
 18094 | D:15     | 18094 ||| READING scroll of enchant weapon.
 18094 | D:15     | 18094 ||| ENCHANTING +3 longbow.
 18185 | D:15     | 18185 ||| READING scroll of acquirement.
 18185 | D:15     | 18185 ||| ACQUIRING 672 gold pieces
 18185 | D:15     | Acquired 672 gold pieces
 18353 | D:15     | 18353 ||| PLANNING ORC
 18439 | Orc:1    | Entered Level 1 of the Orcish Mines
 18797 | Orc:2    | Entered Level 2 of the Orcish Mines
 18874 | Orc:2    | 18874 ||| Stepping ~*~*~tactically~*~*~ (outnumbered).
 18876 | Orc:2    | 18876 ||| Stepping ~*~*~tactically~*~*~ (outnumbered).
 18877 | Orc:2    | 18877 ||| Stepping ~*~*~tactically~*~*~ (outnumbered).
 18882 | Orc:2    | 18882 ||| INVOKING Heroism.
 18884 | Orc:2    | 18884 ||| Stepping ~*~*~tactically~*~*~ (outnumbered).
 18886 | Orc:2    | 18886 ||| Stepping ~*~*~tactically~*~*~ (outnumbered).
 18965 | Orc:2    | Found Demahiv's Antique Weapon Boutique.
 18970 | Orc:2    | Found Ylecu's Weapon Emporium.
 18970 | Orc:2    | Found Paev Pil's Weapon Shop.
 18972 | Orc:2    | Found Wososhriorph's Distillery.
 18998 | Orc:2    | 18998 ||| BUYING 2 potions of haste (280 gold).
 18998 | Orc:2    | Bought 2 potions of haste for 280 gold pieces
 18998 | Orc:2    | 18998 ||| BUYING potion of curing (42 gold).
 18998 | Orc:2    | Bought a potion of curing for 42 gold pieces
 18998 | Orc:2    | 18998 ||| BUYING potion of curing (42 gold).
 18998 | Orc:2    | Bought a potion of curing for 42 gold pieces
 18998 | Orc:2    | 18998 ||| BUYING potion of curing (42 gold).
 18998 | Orc:2    | Bought a potion of curing for 42 gold pieces
 18998 | Orc:2    | 18998 ||| BUYING potion of enlightenment (70 gold).
 18998 | Orc:2    | Bought a potion of enlightenment for 70 gold pieces
 18998 | Orc:2    | 18998 ||| BUYING potion of heal wounds (70 gold).
 18998 | Orc:2    | Bought a potion of heal wounds for 70 gold pieces
 18998 | Orc:2    | 18998 ||| BUYING potion of heal wounds (70 gold).
 18998 | Orc:2    | Bought a potion of heal wounds for 70 gold pieces
 18998 | Orc:2    | 18998 ||| BUYING potion of might (56 gold).
 18998 | Orc:2    | Bought a potion of might for 56 gold pieces
 19072 | Orc:2    | 19072 ||| Stepping ~*~*~tactically~*~*~ (outnumbered).
 19080 | Orc:2    | 19080 ||| Stepping ~*~*~tactically~*~*~ (outnumbered).
 19086 | Orc:2    | Reached skill level 15 in Fighting
 19183 | Orc:2    | 19183 ||| INVOKING Heroism.
 19289 | Orc:2    | Found a staircase to the Elven Halls.
 19467 | Orc:1    | 19467 ||| INVOKING Heroism.
 19566 | Orc:1    | 19566 ||| PLANNING SPIDER:1-3
 19812 | Spider:1 | Entered Level 1 of the Spider Nest
 19813 | Spider:1 | 19813 ||| INVOKING Finesse.
 19825 | Spider:1 | 19825 ||| INVOKING Heroism.
 19830 | Spider:1 | 19830 ||| STAIRDANCE
 19832 | Lair:3   | 19832 ||| DRINKING 6 potions of curing.
 19832 | Lair:3   | 19832 ||| (to cure confusion)
 19985 | Spider:1 | 19985 ||| Stepping randomly (disturbance).
 19986 | Spider:1 | 19986 ||| Stepping randomly (disturbance).
 19987 | Spider:1 | 19987 ||| Stepping randomly (disturbance).
 19989 | Spider:1 | 19989 ||| Stepping randomly (disturbance).
 20216 | Spider:1 | 20216 ||| INVOKING Finesse.
 20443 | Spider:1 | Noticed an emperor scorpion
 20444 | Spider:1 | 20444 ||| INVOKING Heroism.
 20449 | Spider:1 | Killed an emperor scorpion
 20450 | Spider:1 | Reached skill level 15 in Dodging
 20451 | Spider:1 | Noticed Josephine
 20461 | Spider:1 | Killed Josephine
 20503 | Spider:1 | 20503 ||| INVOKING Finesse.
 20543 | Spider:1 | Reached XP level 16. HP: 151/151 MP: 0/22
 20678 | Spider:1 | Noticed Jorgrun
 20679 | Spider:1 | 20679 ||| INVOKING Heroism.
 20680 | Spider:1 | 20680 ||| INVOKING Finesse.
 20700 | Spider:1 | HP: 31/151 [constriction (12)]
 20701 | Spider:1 | 20701 ||| READING 7 scrolls of teleportation.
 20701 | Spider:1 | HP: 15/151 [wolf spider (4)]
 20701 | Spider:1 | HP: 5/151 [Jorgrun/+0 heavy quarterstaff (10)]
 20701 | Spider:1 | Constricted to death by Jorgrun

Levels and vault maps discovered:
D:1:      minmay_arrival_hallway, layout_loops_ring, minmay_misc_feat_rugged
D:2:      layout_loops_ring, basic_altar, pf_guarded_unrand_delatra
D:3:      layout_rooms, nicolae_overflow_crystal_walls, serial_shops, shop,
          shop_statue, nicolae_shop_stone, shop
D:4:      kennysheep_goblin_castle, layout_cave_pools, elyvilon_altar_3,
          st_stairs_5, nrook_loot_triangle, hangedman_abyss_or_decor_stagger,
          guppyfry_early_lair_pool
D:5:      layout_loops_corners, nicolae_yredelemnul_corpse_copse,
          xom_teletrap_fun, uniq_crazy_yiuf_cottage
D:6:      layout_loops_corners, kiku_gazebo_pond_becter,
          mainiacjoe_overflow_six_doors_small, minmay_temple_entry_crystal_x,
          serial_aquarium, aquarium_bridge_long_separate
          [aquarium_subvault_bridge, aquarium_subvault_wall,
          aquarium_subvault_bridge, aquarium_subvault_bridge,
          aquarium_subvault_bridge, aquarium_subvault_bridge],
          aquarium_bridge_straight [aquarium_subvault_bridge,
          aquarium_subvault_wall, aquarium_subvault_bridge,
          aquarium_subvault_wall], aquarium_window_2, aquarium_window_2,
          aquarium_view_2c, hangedman_decor_growths
D:7:      layout_basic, mainiacjoe_overflow_surrounded_room,
          biasface_ghost_orc_armoury
D:8:      layout_basic, nicolae_dithmenos_through_a_glass_darkly,
          grunt_temple_overflow_open, david_lair_generic, serial_shops,
          nicolae_shop_behind_doors
D:9:      layout_loops_cross, mainiacjoe_overflow_catwalk, serial_ice,
          serial_ice_b, serial_ice_k, serial_ice_g, serial_ice_n, serial_ice_c,
          serial_ice_f, serial_ice_e, enter_bailey_5, gammafunk_ghost_arena,
          minivault_10, minmay_misc_feat_x
D:10:     layout_basic, mainiacjoe_overflow_concentric_impassable,
          nemelex_xobeh_ov_fountains_minmay, mainiacjoe_overflow_alcove_2,
          orc_0_dummy
D:11:     hellmonk_paralyzer, layout_basic, portal_ice_cave_entry_ice_simulacra
D:12:     layout_rooms, nicolae_ru_the_path_less_chosen, uniq_fannar,
          uniq_psyche
D:13:     kennysheep_windowed_halls, layout_loops_ring
D:14:     layout_rooms, hangedman_vaults_entry_quadrant_bands, fedhas_altar_2,
          serial_shops, nicolae_shop_real_fake_doors,
          nicolae_shop_hallway_stairs, nicolae_shop_rolled_up, shop
D:15:     hangedman_depths_entry_civil_slaughter, layout_basic,
          patterned_corridor
Lair:1:   layout_regular_city
Lair:2:   layout_misc_corridors, cheibrodos_lair_reptile_den
Lair:3:   layout_regular_city, swamp_mist_pool,
          hellmonk_spider_entry_not_the_bees, enter_volcano_2
Lair:4:   layout_gridlike, grunt_megastairs_2
Lair:5:   evil_forest, layout_cave_pods, slime_entry_1, lemuel_fruit_fields,
          grunt_megastairs_5, uniq_snorg
Spider:1: layout_chambers, uniq_josephine, uniq_jorgrun
Orc:1:    layout_diamond_mine, nicolae_orc_pool_cavern
Orc:2:    st_orc_rangers, layout_caves, rock_pile

Skill      XL: |  1  2  3  4  5  6  7  8  9 10 11 12 13 14 15 |
---------------+----------------------------------------------+-----
Ranged Weapons | 3 4 5 6 7 8 10 12 13 15 16 18 20 | 20.0
Fighting       | 2 3 4 5 7 8 9 10 11 13 14 15 | 15.8
Armour         | 2 3 5 6 7 8 9 |  9.0
Dodging        | 3 4 6 7 8 10 11 15 | 15.0
Invocations    | 2 4 5 9 10 | 10.0
Spellcasting   | |  1.0
Hexes          | |  2.0

Action                     |  1- 3 |  4- 6 |  7- 9 | 10-12 | 13-15 | 16-18 || total
---------------------------+-------+-------+-------+-------+-------+-------++-------
  Melee: Unarmed           |       |       |       |       |     1 |       ||     1
   Fire: Sling             |    76 |   229 |   291 |       |       |       ||   596
         Orcbow            |       |       |    70 |   420 |     3 |       ||   493
         Arbalest          |       |       |       |       |   244 |       ||   244
         Longbow           |       |       |       |       |   845 |    12 ||   857
 Invoke: Heroism           |       |       |     3 |    23 |    32 |     1 ||    59
         Finesse           |       |       |       |     1 |     9 |     1 ||    11
    Use: Scroll            |     5 |    11 |     6 |     4 |    12 |     1 ||    39
         Potion            |     4 |     1 |     2 |     1 |     4 |       ||    12
 Armour: Leather armour    |     3 |       |       |       |       |       ||     3
         Robe              |     2 |       |       |       |       |       ||     2
         Ring mail         |     2 |    48 |    63 |    72 |   152 |    15 ||   352
         Troll leather arm |       |       |    18 |     4 |       |       ||    22
  Dodge: Dodged            |     7 |    83 |   101 |   236 |   722 |     8 ||  1157

Table legend:
 A = Non-vault XP
 B = Vault XP
 C = Vault XP percentage of total XP
 D = Non-vault monster count
 E = Vault monster count
 F = Vault count percentage of total count
                 A         B        C        D         E       F
            +---------+---------+-------+---------+---------+-------
      Total |   98735 |   54978 |  35.8 |     530 |     199 |  27.3
            +---------+---------+-------+---------+---------+-------
        D:1 |      24 |       0 |   0.0 |      17 |       0 |   0.0
        D:2 |      64 |      45 |  41.3 |      13 |       4 |  23.5
        D:3 |      44 |       0 |   0.0 |      12 |       0 |   0.0
        D:4 |     317 |     133 |  29.6 |      30 |      16 |  34.8
        D:5 |    1091 |     266 |  19.6 |      21 |       6 |  22.2
        D:6 |    1462 |       0 |   0.0 |      28 |       0 |   0.0
        D:7 |     999 |       0 |   0.0 |      14 |       0 |   0.0
        D:8 |    1494 |     820 |  35.4 |      34 |       4 |  10.5
        D:9 |    1638 |    2341 |  58.8 |      30 |      22 |  42.3
       D:10 |    4799 |       0 |   0.0 |      35 |       0 |   0.0
       D:11 |    2920 |    2788 |  48.8 |      28 |       9 |  24.3
       D:12 |    5055 |    1228 |  19.5 |      18 |       2 |  10.0
       D:13 |   11312 |   12293 |  52.1 |      26 |      20 |  43.5
       D:14 |    6379 |    6432 |  50.2 |      14 |      20 |  58.8
       D:15 |   10230 |    4089 |  28.6 |      21 |       6 |  22.2
     Lair:1 |    6458 |       0 |   0.0 |      20 |       0 |   0.0
     Lair:2 |    3429 |     843 |  19.7 |      14 |       2 |  12.5
     Lair:3 |    6458 |     654 |   9.2 |      24 |       7 |  22.6
     Lair:4 |    7823 |    2345 |  23.1 |      29 |       5 |  14.7
     Lair:5 |    9212 |   13836 |  60.0 |      30 |      32 |  51.6
   Spider:1 |   13071 |    1955 |  13.0 |      29 |       6 |  17.1
      Orc:1 |    1563 |       0 |   0.0 |      22 |       0 |   0.0
      Orc:2 |    2893 |    4910 |  62.9 |      21 |      38 |  64.4
            +---------+---------+-------+---------+---------+-------
